 Dungeon Crawl Stone Soup version 0.31.0-32-g396128a36d (webtiles) character file.

Game seed: 1627515189428587879

79 PaiMei the Grave Robber (level 4, -1/32 HPs)
             Began as a Demonspawn Necromancer on Apr 25, 2024.
             Hit by a boomerang thrown by an orc (3 damage)
             ... on level 3 of the Dungeon.
             The game lasted 00:02:33 (2362 turns).

PaiMei the Grave Robber (Demonspawn Necromancer)    Turns: 2362, Time: 00:02:33

Health: -1/32      AC:  2    Str:  8    XL:     4   Next: 16%
Magic:  2/7        EV: 12    Int: 17    God:
Gold:   137        SH:  0    Dex: 14    Spells: 4/8 levels left

rFire   . . .        c - +0 flail
rCold   . . .        (no shield)
rNeg    . . .        a - +0 robe
rPois   .            (no helmet)
rElec   .            (no cloak)
rCorr   .            (no gloves)
SInv    .            (no boots)
Will    .....        (no amulet)
Stlth   +            (no ring)
HPRegen 0.25/turn    (no ring)
MPRegen 0.10/turn

%: no passive effects
@: confused
A: powered by pain 1
a: no special abilities


You were on level 3 of the Dungeon.
You visited 1 branch of the dungeon, and saw 3 of its levels.

You collected 137 gold pieces.

Inventory:

Hand Weapons
 c - a +0 flail (weapon)
Missiles
 f - 2 javelins (quivered)
Armour
 a - a +0 robe (worn)
 k - a scarf of invisibility
Jewellery
 e - a ring of fire
 l - a ring of poison resistance
Wands
 i - a wand of polymorph (9)
 j - a wand of quicksilver (10)
Scrolls
 g - 4 scrolls of identify {unknown}
 h - a scroll of immolation {unknown}
Potions
 b - a potion of magic
 d - a potion of mutation {unknown}


   Skills:
 + Level 1.4 Fighting
 + Level 2.5 Dodging
 - Level 2.0 Stealth
 + Level 2.6 Spellcasting
 + Level 4.9 Necromancy


You had 4 spell levels left.
You knew the following spells:

 Your Spells              Type           Power      Damage    Failure   Level
a - Necrotise             Necr           76%        1d7       2%          1
b - Vampiric Draining     Necr           19%        2d7       7%          3

Your spell library contained the following spells:

 Spells                   Type           Power      Damage    Failure   Level
 Freeze                   Ice            8%         1d3       19%         1
 Animate Dead             Necr           19%        N/A       24%         4
 Frozen Ramparts          Ice            4%         1d1       50%         3
 Hailstorm                Conj/Ice       2%         3d5       50%         3
 Curse of Agony           Necr           19%        N/A       54%         5


Dungeon Overview and Level Annotations

Branches:
Dungeon (3/15)

Altars:


Innate Abilities, Weirdness & Mutations

You sometimes gain a little power by taking damage.


Message History

The puff of flame hits you! The orc barely misses you.
The orc wizard attacks as it pursues you!
The orc wizard hits you with a +0 dagger.
Casting: Necrotise (safe; 2% risk of failure)
Confirm with . or Enter, or press ? or * to list all spells.
Okay, then.
Unknown command.
Casting: Vampiric Draining (quite dangerous; 7% risk of failure)
Confirm with . or Enter, or press ? or * to list all spells.
Aiming: Vampiric Draining (quite dangerous; 7% risk of failure)
Press: ? - help, Shift-Dir - straight line, f - orc wizard, p - orc
Aim: an orc wizard, wielding a +0 dagger and wearing a +0 robe (moderately wounded)
You draw life force from the orc wizard.
You feel life coursing into your body. The orc misses you.
You completely miss the orc wizard.
The orc wizard is severely wounded.
The orc wizard hits you with a +0 dagger.
The orc misses you.
The orc wizard points at you and mumbles some strange words.
The magic dart hits you!
* * * LOW HITPOINT WARNING * * *
You hit the orc wizard.
The orc wizard is almost dead.
The orc hits you but does no damage.
The orc wizard hits you with a +0 dagger.
* * * LOW HITPOINT WARNING * * *
You closely miss the orc wizard.
The orc wizard is almost dead.
The orc barely misses you. The orc wizard casts a spell at you.
You are confused.
The orc hits you from afar with a +0 trident.
* * * LOW HITPOINT WARNING * * *
The orc wizard barely misses you.
You're too confused to cast spells.
You bump into the rock wall.
The orc throws a boomerang.
The boomerang hits you.
* * * LOW HITPOINT WARNING * * *
The orc throws a boomerang.
The boomerang hits you.
You die...

. ... ##.#.# #.
#....[
#..#..#.######.
...............
#...<.......
###.##.########..
..................
.###.##..@.##### #
####.# #.# #.# #o#
#o# #o#
#...........o..
#######.......#


You could see an orc wizard and 2 orcs.

Vanquished Creatures
  3 gnolls (D:2)
  An adder (D:2)
  A ribbon worm (D:2)
  An orc (D:2)
  6 endoplasms
  A giant cockroach (D:2)
  2 goblins
  2 hobgoblins
  3 jackals (D:1)
  3 ball pythons
  5 bats
  2 frilled lizards (D:2)
  2 kobolds (D:2)
  2 rats
34 creatures vanquished.

Vanquished Creatures (collateral kills)
  A ribbon worm (D:2)
  A hobgoblin (D:1)
2 creatures vanquished.

Grand Total: 36 creatures vanquished

Notes
Turn   | Place    | Note
-------+----------+-------------------------------------------
     0 | D:1      | PaiMei the Demonspawn Necromancer began the quest for the
                  | Orb.
     0 | D:1      | Reached XP level 1. HP: 13/13 MP: 3/3
   223 | D:1      | Gained mutation: You sometimes gain a little power by
                  | taking damage. [demonic ancestry]
   223 | D:1      | Reached XP level 2. HP: 14/19 MP: 0/5
   955 | D:2      | Found a faded altar of an unknown god.
  1608 | D:2      | Reached XP level 3. HP: 25/25 MP: 2/6
  1612 | D:2      | Learned a level 3 spell: Vampiric Draining
  1689 | D:2      | Reached skill level 1 in Fighting
  1736 | D:2      | Reached XP level 4. HP: 32/32 MP: 2/7
  2362 | D:3      | Hit by a boomerang thrown by an orc

Illustrated notes

Levels and vault maps discovered:
D:1:      nicolae_arrival_memento_mori, layout_loops_ring,
          chequers_serial_rivers_micro_a
D:2:      wad_crossroads, layout_basic, chequers_ecumenical_altar_twisty
D:3:      layout_basic, serial_park_tiny_pond

Skill      XL: |  1  2  3 |
---------------+----------+-----
Dodging        | 2 |  2.5
Stealth        | 2 |  2.0
Fighting       | 1 |  1.4
Spellcasting   | |  2.6
Necromancy     | |  4.9

Action                     |  1- 3 |  4- 6 || total
---------------------------+-------+-------++-------
  Melee: Flail             |    14 |     5 ||    19
   Cast: Necrotise         |    51 |    18 ||    69
         Vampiric Draining |       |     1 ||     1
 Armour: Robe              |    13 |    17 ||    30
  Dodge: Dodged            |    18 |     8 ||    26
